General information
- name: BNet
- type: Ladder team game (AT/RT)
- host: Battle.net
- saver: evil_pengoon
map: Deadlock
- players: 8
- length: 20:54
- speed: Fast
- version: 1.23 W3XP
- replay type: Public
» download(122 KB)
Players
team 1 (loser)
hsb123 (
purple | 50 APM | 873 actions | 17:25)
5 Mountain King
3 Storm Bolt
2 Bash
1 Keeper of the Grove
1 Force of Nature
» actions
| Assign group hotkey | 12 | |
| Basic commands | 100 | |
| Build / train | 47 | |
| Enter build submenu | 23 | |
| Enter hero's abilities submenu | 6 | |
| Right click | 418 | |
| Select / deselect | 190 | |
| Select group hotkey | 24 | |
| Use ability | 53 | |
873 total
» units
| Peasant | 9 | |
| Footman | 4 | |
| Rifleman | 3 | |
| Mortar Team | 3 | |
| Priest | 2 | |
| Wisp | 2 | |
| Druid of the Claw | 1 | |
24 total
» upgrades
| Defend | 1 | |
| Gunpowder | 1 | |
| Long Rifles | 1 | |
| Armor | 2 | |
| Flare | 1 | |
| Strength of the Wild | 1 | |
| Druid of the Claw Training | 1 | |
| Reinforced Hides | 1 | |
9 total
» buildings
| Altar of Kings | 1 | |
| Farm | 7 | |
| Barracks | 1 | |
| Scout Tower | 3 | |
| Arcane Vault | 1 | |
| Arcane Tower | 1 | |
| Blacksmith | 1 | |
| Keep | 1 | |
| Lumber Mill | 1 | |
| Guard Tower | 1 | |
| Workshop | 1 | |
| Arcane Sanctum | 1 | |
| Castle | 1 | |
| Town Hall | 1 | |
| Ancient of Lore | 2 | |
24 total
» build order
00:11 Altar of Kings
00:19 Farm
00:39 Barracks
01:34 Farm
01:51 Scout Tower
01:57 Scout Tower
02:23 Farm
02:29 Arcane Vault
02:30 Arcane Tower
02:38 Blacksmith
03:14 Farm
04:06 Keep
04:09 Lumber Mill
05:11 Scout Tower
06:02 Guard Tower
06:17 Farm
06:31 Workshop
06:52 Arcane Sanctum
08:47 Castle
09:39 Farm
09:46 Farm
13:55 Town Hall
14:13 Ancient of Lore
14:17 Ancient of Lore
» items
| Lesser Clarity Potion | 1 | |
| Scroll of Regeneration | 1 | |
| Potion of Healing | 1 | |
3 total

»
paracelso_br (
red | 68 APM | 1417 actions | 20:53)
4 Tauren Chieftain
1 Shockwave
2 Endurance Aura
1 War Stomp
3 Shadow Hunter
2 Healing Wave
1 Hex
1 Warden
1 Shadow Strike
» actions
| Assign group hotkey | 59 | |
| Basic commands | 224 | |
| Build / train | 61 | |
| Enter build submenu | 21 | |
| Enter hero's abilities submenu | 8 | |
| Remove unit from queue | 1 | |
| Right click | 329 | |
| Select / deselect | 231 | |
| Select group hotkey | 429 | |
| Use ability | 54 | |
1417 total
» units
| Peon | 13 | |
| Troll Headhunter/Berserker | 6 | |
| Demolisher | 2 | |
| Shaman | 4 | |
| Tauren | 8 | |
| Mortar Team | 3 | |
| Knight | 3 | |
39 total
» upgrades
| Troll Regeneration | 1 | |
| Shaman Training | 2 | |
| Burning Oil | 1 | |
| Berserker Upgrade | 1 | |
| Pulverize | 1 | |
6 total
» buildings
| Altar of Storms | 1 | |
| Orc Burrow | 6 | |
| War Mill | 2 | |
| Barracks | 1 | |
| Voodoo Lounge | 1 | |
| Watch Tower | 1 | |
| Stronghold | 1 | |
| Fortress | 1 | |
| Spirit Lodge | 1 | |
| Tauren Totem | 4 | |
| Great Hall | 1 | |
20 total
» build order
00:10 Altar of Storms
00:16 Orc Burrow
00:50 War Mill
01:28 Barracks
01:54 Voodoo Lounge
02:14 Orc Burrow
02:37 Watch Tower
03:18 Orc Burrow
04:02 Stronghold
06:24 Fortress
06:28 Spirit Lodge
06:34 Orc Burrow
08:51 Tauren Totem
08:57 Tauren Totem
09:03 Tauren Totem
09:32 Tauren Totem
10:37 Orc Burrow
13:51 Great Hall
14:01 Orc Burrow
14:24 War Mill
» items
| Orb of Lightning | 1 | |
| Scroll of Town Portal | 2 | |
3 total
DULAC (
green | 32 APM | 364 actions | 11:22)
3 Keeper of the Grove
2 Entangling Roots
1 Force of Nature
» actions
| Assign group hotkey | 9 | |
| Basic commands | 37 | |
| Build / train | 39 | |
| Enter build submenu | 11 | |
| Enter hero's abilities submenu | 3 | |
| Right click | 102 | |
| Select / deselect | 134 | |
| Select group hotkey | 15 | |
| Use ability | 14 | |
364 total
» units
» upgrades
| Strength of the Moon | 1 | |
| Moon Armor | 1 | |
| Ultravision | 1 | |
| Improved Bows | 1 | |
| Sentinel | 1 | |
5 total
» buildings
| Moon Well | 5 | |
| Altar of Elders | 1 | |
| Ancient of War | 1 | |
| Hunter's Hall | 1 | |
| Tree of Ages | 1 | |
9 total
» build order
00:25 Moon Well
00:37 Altar of Elders
00:55 Ancient of War
01:40 Moon Well
02:23 Hunter's Hall
02:31 Moon Well
04:51 Moon Well
07:40 Moon Well
08:10 Tree of Ages
MrJones (
teal | 38 APM | 664 actions | 17:31)
3 Mountain King
2 Storm Bolt
1 Bash
2 Paladin
1 Holy Light
1 Divine Shield
» actions
| Basic commands | 19 | |
| Build / train | 73 | |
| Enter build submenu | 16 | |
| Enter hero's abilities submenu | 5 | |
| Remove unit from queue | 1 | |
| Right click | 232 | |
| Select / deselect | 270 | |
| Use ability | 48 | |
664 total
» units
| Peasant | 10 | |
| Footman | 15 | |
| Knight | 11 | |
| Gryphon Rider | 6 | |
| Archer | 8 | |
| Glaive Thrower | 2 | |
| Dryad | 3 | |
55 total
» upgrades
| Swords | 2 | |
| Strength of the Moon | 1 | |
| Storm Hammers | 1 | |
4 total
» buildings
| Altar of Kings | 1 | |
| Farm | 7 | |
| Barracks | 1 | |
| Lumber Mill | 1 | |
| Keep | 1 | |
| Blacksmith | 1 | |
| Castle | 1 | |
| Scout Tower | 1 | |
| Guard Tower | 1 | |
| Town Hall | 1 | |
| Gryphon Aviary | 1 | |
| Tree of Eternity | 2 | |
19 total
» build order
00:22 Altar of Kings
00:25 Farm
00:36 Barracks
01:09 Farm
01:42 Lumber Mill
01:49 Farm
02:34 Farm
03:39 Keep
04:18 Farm
06:35 Blacksmith
06:39 Farm
07:13 Castle
07:30 Scout Tower
08:40 Guard Tower
09:11 Town Hall
09:22 Gryphon Aviary
14:22 Tree of Eternity
14:22 Tree of Eternity
14:32 Farm
» items
team 2 (winner)
dowN_In_It (
orange | 34 APM | 704 actions | 20:54)
4 Death Knight
2 Death Coil
2 Unholy Aura
3 Lich
2 Frost Nova
1 Dark Ritual
2 Far Seer
1 Chain Lighting
1 Feral Spirit
» actions
| Assign group hotkey | 14 | |
| Build / train | 59 | |
| Enter build submenu | 16 | |
| Enter hero's abilities submenu | 9 | |
| Remove unit from queue | 1 | |
| Right click | 320 | |
| Select / deselect | 203 | |
| Select group hotkey | 37 | |
| Use ability | 45 | |
704 total
» units
| Acolyte | 2 | |
| Ghoul | 11 | |
| Crypt Fiend | 2 | |
| Grunt | 7 | |
| Demolisher | 2 | |
| Tauren | 3 | |
| Shaman | 3 | |
30 total
» upgrades
| Cannibalize | 1 | |
| Web | 1 | |
| Ghoul Frenzy | 1 | |
| Melee Weapons | 1 | |
| Armor | 1 | |
| Shaman Training | 1 | |
| Pulverize | 1 | |
7 total
» buildings
| Crypt | 1 | |
| Altar of Darkness | 1 | |
| Ziggurat | 5 | |
| Tomb of Relics | 1 | |
| Nerubian Tower | 1 | |
| Halls of the Dead | 1 | |
| Graveyard | 1 | |
| Black Citadel | 1 | |
| Sacrificial Pit | 1 | |
| Fortress | 1 | |
| Orc Burrow | 2 | |
| Spirit Lodge | 1 | |
| Tauren Totem | 1 | |
18 total
» build order
00:10 Crypt
00:15 Altar of Darkness
00:36 Ziggurat
00:53 Tomb of Relics
01:34 Ziggurat
01:45 Nerubian Tower
03:44 Halls of the Dead
04:34 Ziggurat
05:17 Ziggurat
05:24 Graveyard
06:07 Black Citadel
06:58 Sacrificial Pit
09:17 Ziggurat
09:42 Fortress
12:03 Orc Burrow
12:06 Orc Burrow
13:44 Spirit Lodge
13:49 Tauren Totem
» items
| Rod of Necromancy | 1 | |
| Scroll of Town Portal | 1 | |
2 total

»
Reelex (
pink | 40 APM | 52 actions | 01:17)
» actions
| Build / train | 6 | |
| Enter build submenu | 4 | |
| Right click | 24 | |
| Select / deselect | 15 | |
| Use ability | 3 | |
52 total
» units
» buildings
| Altar of Storms | 1 | |
| Orc Burrow | 1 | |
| Barracks | 1 | |
3 total
» build order
00:29 Altar of Storms
00:41 Orc Burrow
00:51 Barracks

»
evil_pengoon (
yellow | 88 APM | 1847 actions | 20:54)
7 Paladin
3 Holy Light
3 Devotion Aura
1 Resurrection
6 Far Seer
3 Feral Spirit
2 Chain Lighting
1 Earth Quake
» actions
| Assign group hotkey | 30 | |
| Basic commands | 150 | |
| Build / train | 79 | |
| Enter build submenu | 30 | |
| Enter hero's abilities submenu | 13 | |
| Remove unit from queue | 6 | |
| Right click | 538 | |
| Select / deselect | 448 | |
| Select group hotkey | 475 | |
| Use ability | 78 | |
1847 total
» units
| Peasant | 7 | |
| Peon | 2 | |
| Grunt | 5 | |
| Footman | 5 | |
| Rifleman | 1 | |
| Demolisher | 1 | |
| Priest | 2 | |
| Sorceress | 1 | |
| Knight | 4 | |
| Tauren | 1 | |
29 total
» upgrades
| Defend | 1 | |
| Berserker Strength | 1 | |
| Pillage | 1 | |
| Plating | 2 | |
| Lumber Harvesting | 1 | |
| Sorceress Training | 1 | |
| Priest Training | 2 | |
| Burning Oil | 1 | |
| Swords | 3 | |
| Shaman Training | 1 | |
| Animal War Training | 1 | |
| Melee Weapons | 1 | |
| Armor | 1 | |
17 total
» buildings
| Altar of Kings | 1 | |
| Farm | 10 | |
| Scout Tower | 1 | |
| Orc Burrow | 4 | |
| Arcane Tower | 1 | |
| Barracks | 3 | |
| Voodoo Lounge | 1 | |
| Blacksmith | 1 | |
| Stronghold | 1 | |
| Keep | 1 | |
| Arcane Vault | 1 | |
| Lumber Mill | 1 | |
| War Mill | 1 | |
| Arcane Sanctum | 4 | |
| Castle | 1 | |
| Tauren Totem | 2 | |
34 total
» build order
00:04 Altar of Kings
00:10 Farm
00:45 Farm
01:15 Scout Tower
01:45 Orc Burrow
01:51 Arcane Tower
01:54 Barracks
02:15 Barracks
02:26 Barracks
02:31 Voodoo Lounge
03:01 Farm
03:19 Orc Burrow
03:50 Blacksmith
03:55 Farm
04:24 Farm
05:13 Stronghold
06:06 Keep
06:30 Farm
06:36 Arcane Vault
06:41 Lumber Mill
06:59 Orc Burrow
07:01 War Mill
08:32 Farm
08:38 Arcane Sanctum
08:44 Arcane Sanctum
08:48 Arcane Sanctum
09:26 Arcane Sanctum
09:29 Farm
09:32 Farm
09:32 Farm
09:34 Castle
10:46 Orc Burrow
13:50 Tauren Totem
13:55 Tauren Totem
» items
| Healing Salve | 1 | |
| Scroll of Town Portal | 3 | |
| Boots of Speed | 1 | |
| Periapt of Vitality | 1 | |
| Circlet of Nobility | 1 | |
| Orb of Lightning | 1 | |
8 total
phuc-dat-bich (
blue | 52 APM | 1087 actions | 20:54)
4 Dreadlord
2 Carrion Swarm
1 Sleep
1 Vampiric Aura
» actions
| Assign group hotkey | 19 | |
| Basic commands | 282 | |
| Build / train | 44 | |
| ESC pressed | 2 | |
| Enter build submenu | 14 | |
| Enter hero's abilities submenu | 4 | |
| Right click | 393 | |
| Select / deselect | 172 | |
| Select group hotkey | 129 | |
| Use ability | 28 | |
1087 total
» units
| Acolyte | 3 | |
| Ghoul | 2 | |
| Crypt Fiend | 20 | |
| Obsidian Statue | 5 | |
30 total
» upgrades
| Creature Attack | 3 | |
| Creature Carapace | 3 | |
| Web | 1 | |
7 total
» buildings
| Crypt | 1 | |
| Ziggurat | 6 | |
| Graveyard | 1 | |
| Altar of Darkness | 1 | |
| Tomb of Relics | 1 | |
| Halls of the Dead | 1 | |
| Slaughterhouse | 1 | |
| Black Citadel | 1 | |
13 total
» build order
00:10 Crypt
00:23 Ziggurat
00:38 Graveyard
01:38 Altar of Darkness
02:47 Ziggurat
04:34 Ziggurat
07:10 Ziggurat
07:19 Tomb of Relics
07:24 Halls of the Dead
08:51 Ziggurat
11:29 Slaughterhouse
12:03 Ziggurat
14:32 Black Citadel
Chat log
(00:07 / All) Reelex: gg?
(00:16 / All) phuc-dat-bich: gg
(00:26 / All) Reelex: i just got bs by a lvl 1 noob
(00:32 / All) phuc-dat-bich: ya
(00:36 / All) Reelex: he is from china probably
(00:43 / All) phuc-dat-bich: nope
(00:59 / All) Reelex: that is you?
(01:02 / All) Reelex: damn
(01:02 / All) phuc-dat-bich: yep
(01:16 / All) Reelex: fuck you , flat nose
(01:21 / Allies) dowN_In_It: ..
(01:23 / All) phuc-dat-bich: lol?
(01:28 / All) phuc-dat-bich: im not even chinese
(01:44 / Allies) dowN_In_It: why you guys talking in all anyway
(01:53 / Allies) phuc-dat-bich: i did cause he was doing it first
(02:02 / Allies) evil_pengoon: well
(02:04 / Allies) evil_pengoon: get 2 baracks
(02:07 / Allies) evil_pengoon: a lot of tier 1
(02:09 / Allies) evil_pengoon: and rush
(02:33 / Allies) dowN_In_It: harassing
(04:53 / Allies) dowN_In_It: lawl
(04:58 / Allies) phuc-dat-bich: coming
(05:11 / Allies) dowN_In_It: ill go harass maybe'
(05:36 / Allies) dowN_In_It: u okay?
(07:23 / Allies) dowN_In_It: shit
(07:35 / Allies) evil_pengoon: lets hit
(07:36 / Allies) phuc-dat-bich: yall want to attack or what
(07:46 / Allies) dowN_In_It: they will come to us
(07:53 / Allies) evil_pengoon: thats a waste we have a leaver
(07:57 / Allies) evil_pengoon: we cant wait for them to tech
(08:02 / Allies) phuc-dat-bich: yea lets go
(08:02 / Allies) dowN_In_It: green has alot of units
(08:52 / Allies) evil_pengoon: alirght
(08:54 / Allies) dowN_In_It: see
(10:05 / Allies) phuc-dat-bich: f em up
(10:15 / Allies) phuc-dat-bich: hahaha
(10:20 / Allies) dowN_In_It: fuck em up cash
(10:33 / Allies) phuc-dat-bich: flank
(11:38 / Allies) phuc-dat-bich: get the enxt base shit
(11:41 / Allies) phuc-dat-bich: soemone tele back
(12:22 / Allies) dowN_In_It: shit
(12:40 / Allies) dowN_In_It: need dispell
(13:18 / Allies) phuc-dat-bich: shit
(13:23 / Allies) phuc-dat-bich: retreat
(14:40 / Allies) phuc-dat-bich: coming
(15:56 / Allies) phuc-dat-bich: COUTNER
(16:03 / Allies) dowN_In_It: check epos
(16:06 / Allies) dowN_In_It: expo
(17:33 / All) phuc-dat-bich: YOU LIKE THAT LEVEL 1 SHIT
(18:03 / Allies) phuc-dat-bich: lolol we beat their asses
(18:24 / Allies) phuc-dat-bich: lol even had an expo
(18:58 / Allies) dowN_In_It: destros
(19:34 / Allies) phuc-dat-bich: hit his base
(20:51 / All) phuc-dat-bich: GG